 Dungeon Crawl Stone Soup version 0.32-a0-859-gb0a091d592 (console) character file.

Game seed: 2004624555281415498

1135 jejorda2 the Poker (level 8, 0/100 HPs)
             Began as a Gnoll Berserker on Mar 27, 2024.
             Was a Priest of Trog.
             Succumbed to a scorpion's poison
             ... on level 5 of the Dungeon.
             The game lasted 00:06:20 (4398 turns).

jejorda2 the Poker (Gnoll Berserker)                Turns: 4398, Time: 00:06:20

Health: 0/100      AC: 10    Str: 19    XL:     8   Next: 36%
Magic:  12/13      EV: 24    Int:  6    God:    Trog [***...]
Gold:   200        SH:  0    Dex: 12    Spells: 13/13 levels left

rFire   . . .        a - +0 trident
rCold   . . .        (no shield)
rNeg    . . .        n - +0 chain mail
rPois   .            (no helmet)
rElec   .            m - scarf {shadows}
rCorr   .            (no gloves)
SInv    .            (no boots)
Will    .....        b - amulet of the acrobat Stlth
                     (no ring)
HPRegen 0.36/turn    (no ring)
MPRegen 0.13/turn

%: acrobat
@: berserking (expiring), lethally poisoned (0 -> -1), acrobatic, very quick
A: fangs 1, strong nose, distributed training
a: Renounce Religion, Berserk, Trog's Hand


You were on level 5 of the Dungeon.
You worshipped Trog.
Trog was most pleased with you.
You visited 1 branch of the dungeon, and saw 6 of its levels.

You collected 200 gold pieces.

Inventory:

Hand Weapons
 a - a +0 trident (weapon)
Missiles
 f - 6 boomerangs (quivered)
 l - 2 poisoned darts
Armour
 m - a scarf of shadows (worn)
 n - a +0 chain mail (worn)
Jewellery
 b - an amulet of the acrobat (around neck)
Scrolls
 c - a scroll of poison {unknown}
 e - 4 scrolls of identify {unknown}
 h - 3 scrolls of enchant weapon {unknown}
 j - a scroll of fog {unknown}
 k - 5 scrolls of teleportation {unknown}
 o - a scroll of noise {unknown}
 p - 3 scrolls of blinking {unknown}
 q - a scroll of enchant armour {unknown}
 r - a scroll of revelation {unknown}
Potions
 d - 3 potions of heal wounds {unknown}
 g - a potion of degeneration {unknown}
 i - 3 potions of curing {unknown}
 s - a potion of resistance {unknown}


   Skills:
 + Level 7.4 Fighting
 + Level 3.3 Short Blades
 + Level 3.3 Long Blades
 + Level 3.3 Axes
 + Level 3.3 Maces & Flails
 + Level 7.4 Polearms
 + Level 3.3 Staves
 + Level 3.3 Ranged Weapons
 + Level 3.3 Throwing
 + Level 5.7 Armour
 + Level 5.7 Dodging
 + Level 3.3 Stealth
 + Level 3.3 Shields
 + Level 3.3 Unarmed Combat
 + Level 3.3 Spellcasting
 + Level 2.7 Conjurations
 + Level 2.7 Hexes
 + Level 2.7 Summonings
 + Level 2.7 Necromancy
 + Level 2.7 Translocations
 + Level 2.7 Fire Magic
 + Level 2.7 Ice Magic
 + Level 2.7 Air Magic
 + Level 2.7 Earth Magic
 + Level 2.7 Alchemy
 + Level 3.6 Invocations
 + Level 3.3 Evocations
 + Level 3.0 Shapeshifting


You had 13 spell levels left.
You didn't know any spells.
Your spell library was empty.

Dungeon Overview and Level Annotations

Branches:
Dungeon (6/15)
 Temple: D:4-7

Altars:
Ashenzari
Dithmenos
Gozag
Nemelex Xobeh
Uskayaw
The Shining One

Shops:
D:5 (


Innate Abilities, Weirdness & Mutations

You have very sharp teeth.
Your uncanny sense of smell can sniff out nearby items.
Your experience applies equally to all skills.


Message History

The orc hits you with a +0 heavy flail!
* * * LOW HITPOINT WARNING * * *
A red film seems to cover your vision as you go berserk!
You feel yourself moving faster!
You feel mighty!
You feel sick. The scorpion closely misses you.
A scorpion comes into view.
The orc hits you but does no damage. The scorpion stings you.
* * * LOW HITPOINT WARNING * * *
You puncture the scorpion!
You kill the scorpion!
Trog accepts your kill.
* * * LOW HITPOINT WARNING * * *
You feel sick.
You puncture the orc!
You kill the orc!
Trog accepts your kill.
* * * LOW HITPOINT WARNING * * *
You feel sick.
Your Shapeshifting skill increases to level 3!
You see here an adder corpse.
Reach: a) +0 trident
Press: ? - help, Dir - move target, f - scorpion
Aim: a scorpion (about 37% to evade your +0 trident)
You reach to attack!
You barely miss the scorpion.
* * * LOW HITPOINT WARNING * * *
You feel sick.
Unknown command.
Reach: a) +0 trident
Press: ? - help, Dir - move target, p - scorpion The scorpion is in the way.
You puncture the scorpion! Your bite misses the scorpion.
The scorpion is severely wounded.
* * * LOW HITPOINT WARNING * * *
You feel sick.
The scorpion stings you but does no damage.
Unknown command.
You puncture the scorpion!
You kill the scorpion!
Trog accepts your kill.
You die...

..............###.
...........###.
............#.
..........#.#.
...........#.
............ #.###.#....
##############.....##.#.
.....††@..............#.
...#..)#...#...#....#.#.
∆#...#(#...#.#.....#...
#...#...#...#.......#.#
......................∩.
...#...#...#...#.[.###)#
#.#...#.#...#.#...[##..#
..# ..#....#...## ..
..........###


There were no monsters in sight!

Vanquished Creatures
  A steam dragon (D:5)
  An ice beast (D:5)
  An ogre (D:4)
  A centaur (D:5)
  A gnoll sergeant (D:5)
  3 scorpions (D:5)
  A killer bee (D:5)
  2 bombardier beetles
  A hound (D:5)
  2 jellies (D:5)
  3 sleepcaps
  An iguana (D:5)
  An orc wizard (D:5)
  8 adders
  3 gnolls (D:3)
  2 ribbon worms
  2 dart slugs
  2 orcs (D:5)
  5 endoplasms
  3 giant cockroaches
  5 goblins
  7 hobgoblins
  12 jackals
  5 quokkas
  6 ball pythons
  4 bats
  A frilled lizard (D:3)
  7 kobolds
  6 rats
97 creatures vanquished.

Notes
Turn   | Place    | Note
-------+----------+-------------------------------------------
     0 | D:1      | jejorda2 the Gnoll Berserker began the quest for the Orb.
     0 | D:1      | Reached XP level 1. HP: 23/23 MP: 1/1
    55 | D:1      | Reached XP level 2. HP: 15/29 MP: 2/2
   317 | D:1      | Reached XP level 3. HP: 29/35 MP: 3/3
   498 | D:1      | Reached skill level 1 in Invocations
   505 | D:1      | Reached ** piety under Trog
  1063 | D:2      | Reached skill level 1 in Short Blades
  1063 | D:2      | Reached skill level 1 in Long Blades
  1063 | D:2      | Reached skill level 1 in Axes
  1063 | D:2      | Reached skill level 1 in Maces & Flails
  1063 | D:2      | Reached skill level 1 in Staves
  1063 | D:2      | Reached skill level 1 in Ranged Weapons
  1063 | D:2      | Reached skill level 1 in Throwing
  1063 | D:2      | Reached skill level 1 in Stealth
  1063 | D:2      | Reached skill level 1 in Shields
  1063 | D:2      | Reached skill level 1 in Unarmed Combat
  1063 | D:2      | Reached skill level 1 in Spellcasting
  1063 | D:2      | Reached skill level 1 in Evocations
  1202 | D:2      | Reached skill level 1 in Shapeshifting
  1202 | D:2      | Reached XP level 4. HP: 41/41 MP: 5/5
  1832 | D:3      | Found a sparkling altar of Nemelex Xobeh.
  2026 | D:3      | Found a hide-covered altar of Uskayaw.
  2039 | D:3      | Found a glowing golden altar of the Shining One.
  2072 | D:3      | Reached skill level 1 in Conjurations
  2072 | D:3      | Reached skill level 1 in Hexes
  2072 | D:3      | Reached skill level 1 in Summonings
  2072 | D:3      | Reached skill level 1 in Necromancy
  2072 | D:3      | Reached skill level 1 in Translocations
  2072 | D:3      | Reached skill level 1 in Fire Magic
  2072 | D:3      | Reached skill level 1 in Ice Magic
  2072 | D:3      | Reached skill level 1 in Air Magic
  2072 | D:3      | Reached skill level 1 in Earth Magic
  2072 | D:3      | Reached skill level 1 in Alchemy
  2274 | D:3      | Reached XP level 5. HP: 47/47 MP: 5/7
  3007 | D:4      | Noticed an ogre
  3011 | D:4      | Killed an ogre
  3012 | D:4      | Reached XP level 6. HP: 53/53 MP: 8/8
  3088 | D:4      | Reached skill level 5 in Armour
  3088 | D:4      | Reached skill level 5 in Dodging
  3213 | D:4      | Found a broken altar of Ashenzari.
  3520 | D:5      | Entered Level 5 of the Dungeon
  3642 | D:5      | Noticed an ice beast
  3643 | D:5      | Found an opulent altar of Gozag.
  3654 | D:5      | Killed an ice beast
  3663 | D:5      | Reached XP level 7. HP: 36/60 MP: 10/10
  3767 | D:5      | Found a shadowy altar of Dithmenos.
  3845 | D:5      | Found Warryis's Antique Weapon Shoppe.
  3861 | D:5      | Noticed a steam dragon
  4047 | D:5      | Killed a steam dragon
  4048 | D:5      | Reached XP level 8. HP: 35/67 MP: 12/12
  4391 | D:5      | HP: 4/100 [scorpion (3)]
  4393 | D:5      | Reached *** piety under Trog
  4396 | D:5      | HP: 1/100 [poisoned by a scorpion]
  4398 | D:5      | Succumbed to a scorpion's poison

Illustrated notes

Levels and vault maps discovered:
D:1:      amcnicky_arrival_abandoned_market, layout_basic, minmay_misc_feat_chi
D:2:      layout_basic, chequers_serial_rivers_room_b
D:3:      minmay_spotlight, layout_loops_ring,
          mainiacjoe_overflow_concentric_impassable, grunt_temple_overflow_open,
          minmay_misc_feat_columns
D:4:      layout_loops_cross, evilmike_ruin_ashenzari
D:5:      cheibrodos_fzero, layout_basic, grunt_gozag_breadcrumbs,
          nicolae_dithmenos_the_darkroom, serial_shops, nicolae_shop_crystal
D:6:      layout_basic, minmay_temple_entry_waves

Skill      XL: |  1  2  3  4  5  6  7  8 |
---------------+-------------------------+-----
Invocations    | 1 2 3 |  3.6
Short Blades   | 1 2 3 |  3.3
Long Blades    | 1 2 3 |  3.3
Axes           | 1 2 3 |  3.3
Maces & Flails | 1 2 3 |  3.3
Staves         | 1 2 3 |  3.3
Ranged Weapons | 1 2 3 |  3.3
Throwing       | 1 2 3 |  3.3
Stealth        | 1 2 3 |  3.3
Shields        | 1 2 3 |  3.3
Unarmed Combat | 1 2 3 |  3.3
Spellcasting   | 1 2 3 |  3.3
Evocations     | 1 2 3 |  3.3
Shapeshifting  | 1 2 3 |  3.0
Conjurations   | 1 2 |  2.7
Hexes          | 1 2 |  2.7
Summonings     | 1 2 |  2.7
Necromancy     | 1 2 |  2.7
Translocations | 1 2 |  2.7
Fire Magic     | 1 2 |  2.7
Ice Magic      | 1 2 |  2.7
Air Magic      | 1 2 |  2.7
Earth Magic    | 1 2 |  2.7
Alchemy        | 1 2 |  2.7
Armour         | 5 |  5.7
Dodging        | 5 |  5.7
Fighting       | 7 |  7.4
Polearms       | 7 |  7.4

Action                     |  1- 3 |  4- 6 |  7- 9 || total
---------------------------+-------+-------+-------++-------
  Melee: Spear             |   164 |     4 |       ||   168
         Bite              |     8 |    15 |    10 ||    33
         Trident           |       |   121 |   107 ||   228
  Throw: Boomerang         |       |     1 |       ||     1
 Invoke: Berserk           |     1 |     2 |     3 ||     6
         Trog's Hand       |       |       |     1 ||     1
 Armour: Animal skin       |    72 |     7 |       ||    79
         Chain mail        |       |    53 |   109 ||   162
  Dodge: Dodged            |    91 |    43 |    59 ||   193

Table legend: (Time is in decaauts)
 A = Elapsed time spent in this place.
 B = Non-inter-level travel time spent in this place.
 C = Inter-level travel time spent in this place.
 D = Time resting spent in this place.
 E = Time spent auto-exploring this place.
 F = Levels seen in this place.
 G = Mean time per level.
                   A        B        C        D        E       F      G
               +--------+--------+--------+--------+--------+-----+--------+
         Total |   4384 |   4255 |    129 |    253 |   3331 |   6 |  730.7 |
       Dungeon |   4384 |   4255 |    129 |    253 |   3331 |   6 |  730.7 |
               +--------+--------+--------+--------+--------+-----+--------+

Top non-repeatable levels by time:
     D:1: 925 daAuts
     D:2: 879 daAuts
     D:4: 874 daAuts
     D:3: 822 daAuts
     D:5: 766 daAuts
     D:6: 115 daAuts
